 Dungeon Crawl Stone Soup version 0.29.1-15-g9cfb28693d (webtiles) character file.

Game seed: 15054089607245027768

45 virigoth the Cutter (level 3, -4/27 HPs)
             Began as a Demonspawn Gladiator on Mar 5, 2023.
             Slain by a gnoll
             ... wielding a +0 spear
              (5 damage)
             ... on level 2 of the Dungeon.
             The game lasted 00:05:16 (1577 turns).

virigoth the Cutter (Demonspawn Gladiator)          Turns: 1577, Time: 00:05:17

Health: -4/27      AC:  6    Str: 14    XL:     3   Next: 42%
Magic:  3/3        EV: 12    Int: 11    God:
Gold:   42         SH:  0    Dex: 14    Spells: 2/2 levels left

rFire   . . .      SeeInvis .   a - +0 rapier (protect)
rCold   . . .      Faith    .   (no shield)
rNeg    . . .      Spirit   .   b - +0 leather armour
rPois   .          Reflect  .   c - +0 helmet
rElec   .          Harm     .   (no cloak)
rCorr   .          Rampage  .   (no gloves)
Will    .....                   (no boots)
Stlth   +.........              (no amulet)
HPRegen 0.09/turn               (no ring)
MPRegen 0.08/turn               (no ring)

@: flying
A: icy blue scales 1, powered by death 1
a: no special abilities


You were on level 2 of the Dungeon.
You visited 1 branch of the dungeon, and saw 2 of its levels.

You collected 42 gold pieces.

Inventory:

Hand Weapons
 a - a +0 rapier of protection (weapon)
Missiles
 d - 3 throwing nets
 e - a javelin
 m - 6 poisoned darts (quivered)
Armour
 b - a +0 leather armour (worn)
 c - a +0 helmet (worn)
 i - a +0 hat
Scrolls
 l - a scroll of teleportation {unknown}
Potions
 h - a potion of flight
 k - a potion of magic {unknown}


   Skills:
 - Level 2.0 Fighting
 + Level 4.1 Short Blades
 - Level 1.7 Throwing
 - Level 2.6 Dodging


You had 2 spell levels left.
You didn't know any spells.
Your spell library was empty.

Dungeon Overview and Level Annotations

Branches:
Dungeon (2/15)

Altars:


Innate Abilities, Weirdness & Mutations

You are partially covered in icy blue scales. (AC +2)
You regenerate a little health from kills.


Message History

The jackal misses you.
You hit the gnoll.
The gnoll is almost dead.
The gnoll closely misses you.
The gnoll hits you from afar with a +0 spear.
* * * LOW HITPOINT WARNING * * *
The jackal misses you.
The jackal bites you but does no damage.
It was a potion of curing.
You feel better.
The jackal bites you but does no damage. x2
The gnoll closely misses you. The gnoll barely misses you.
The jackal completely misses you. The jackal barely misses you.
It was a potion of flight.
You feel very buoyant.
You fly up into the air.
The gnoll closely misses you. The gnoll hits you but does no damage.
The jackal barely misses you.
The jackal bites you but does no damage.
As you read the scroll labelled TUP WUPTEDUGOUTZ, it crumbles to dust.
It is a scroll of brand weapon.
Your +0 rapier projects an invisible shield of force!
a - a +0 rapier of protection (weapon)
The jackal bites you but does no damage. x2
The gnoll hits you with a +0 flail.
* * * LOW HITPOINT WARNING * * *
The gnoll hits you from afar with a +0 spear.
* * * LOW HITPOINT WARNING * * *
The jackal closely misses you. The jackal bites you.
* * * LOW HITPOINT WARNING * * *
Really quaff
g - a potion of curing {!q}?
You feel better. The gnoll hits you with a +0 flail!
* * * LOW HITPOINT WARNING * * *
The gnoll hits you from afar with a +0 spear.
* * * LOW HITPOINT WARNING * * *
The jackal closely misses you. The jackal barely misses you.
Okay, then.
This is a scroll of acquirement!
You see here a manual of Short Blades.
Something appears at your feet! The gnoll closely misses you.
The gnoll hits you from afar with a +0 spear.
You die...

.########
.........#
..[....$.#
.........#
.........#####.#
......hh......#
...#6# #.#g#
######.gJ#
#.......g#
#........#
#........#
#......<.#
#............<.
####....#......
#


You could see 3 gnolls, an endoplasm and 2 jackals.

Vanquished Creatures
  An adder (D:2)
  2 dart slugs
  4 ball pythons
  2 endoplasms (D:1)
  2 giant cockroaches (D:2)
  3 goblins
  4 hobgoblins
  2 quokkas
  5 bats
  A kobold (D:1)
  2 rats (D:2)
28 creatures vanquished.

Notes
Turn   | Place    | Note
-------+----------+-------------------------------------------
     0 | D:1      | virigoth the Demonspawn Gladiator began the quest for the
                  | Orb.
     0 | D:1      | Reached XP level 1. HP: 16/16 MP: 1/1
   124 | D:1      | Reached skill level 3 in Short Blades
   307 | D:1      | Gained mutation: You are partially covered in icy blue
                  | scales. (AC +2) [demonic ancestry]
   307 | D:1      | Reached XP level 2. HP: 17/22 MP: 2/2
   741 | D:1      | Found a faded altar of an unknown god.
   958 | D:2      | Gained mutation: You regenerate a little health from kills.
                  | [demonic ancestry]
   958 | D:2      | Reached XP level 3. HP: 22/27 MP: 3/3
  1036 | D:2      | the dart slug falls through a shaft!
  1036 | D:2      | The shaft crumbles and collapses.
  1092 | D:2      | Reached skill level 4 in Short Blades
  1576 | D:2      | HP: 1/27 [gnoll/+0 spear (4)]
  1577 | D:2      | Identified a scroll of acquirement
  1577 | D:2      | Acquired a manual of Short Blades
  1577 | D:2      | Slain by a gnoll

Illustrated notes

Levels and vault maps discovered:
D:1:      eino_arrival_cavern_d, layout_basic,
          dreamdust_ecumenical_altar_angels_and_demons, minivault_23
D:2:      minmay_spotlight, layout_basic, nicolae_underground_beach

Skill      XL: |  1  2  3 |
---------------+----------+-----
Short Blades   | 3 4 |  4.1
Fighting       | |  2.0
Throwing       | |  1.7
Dodging        | |  2.6

Action                   || total
-------------------------++-------
Melee: Rapier            ||   117
       Punch             ||     3
  Use: Potion            ||     3
       Scroll            ||     2
 Stab: Sleeping          ||     1
Armor: Leather armour    ||    61
Dodge: Dodged            ||   104
